 Dungeon Crawl Stone Soup version 0.28.0-49-g6dfe1f597d (webtiles) character file.

Game seed: 1617817628850026093

31 Goodini51 the Skirmisher (level 3, -1/29 HPs)
             Began as a Human Wanderer on May 20, 2022.
             Slain by a quokka (3 damage)
             ... on level 1 of the Dungeon.
             The game lasted 00:05:07 (656 turns).

Goodini51 the Skirmisher (Human Wanderer)            Turns: 656, Time: 00:05:09

Health: -1/29      AC:  3    Str: 11    XL:     3   Next: 40%
Magic:  13/13      EV: 12    Int: 16    God:
Gold:   19         SH:  0    Dex: 11    Spells: 3/4 levels left

rFire   . . .      SeeInvis .   k - +0 whip
rCold   . . .      Faith    .   (no shield)
rNeg    . . .      Spirit   .   c - +0 robe
rPois   .          Reflect  .   h - +0 helmet
rElec   .          Harm     .   (no cloak)
rCorr   .          Rampage  .   (no gloves)
Will    .....                   (no boots)
Stlth   +.........              (no amulet)
HPRegen 0.09/turn               g - ring of magical power
MPRegen 0.13/turn               (no ring)

@: no status effects
A: no striking features
a: no special abilities


You were on level 1 of the Dungeon.
You visited 1 branch of the dungeon, and saw 1 of its levels.

You collected 19 gold pieces.

Inventory:

Hand Weapons
 a - a +1 shortbow
 k - a +0 whip (weapon)
Armour
 c - a +0 robe (worn)
 h - a +0 helmet (worn)
Jewellery
 g - a ring of magical power (left hand)
Scrolls
 e - a scroll of acquirement {unknown}
 i - a scroll of fog {unknown}
 j - a scroll of identify {unknown}
Potions
 d - 2 potions of lignification {unknown}
 f - a potion of curing {unknown}


   Skills:
 + Level 3.4 Fighting
 + Level 2.2 Bows
 + Level 2.0 Dodging
 + Level 1.0 Spellcasting
 + Level 3.1 Necromancy


You had 3 spell levels left.
You knew the following spells:

 Your Spells              Type           Power      Damage    Failure   Level
a - Pain                  Necr           40%        1d6       6%          1

Your spell library contained the following spells:

 Spells                   Type           Power      Damage    Failure   Level
 Animate Dead             Necr           5%         N/A       52%         4
 Anguish                  Hex/Necr       2%         N/A       75%         4


Dungeon Overview and Level Annotations

Branches:
Dungeon (1/15)

Altars:


Message History

The endoplasm freezes you.
You are frozen.
The rat twitches its whiskers.
The rat barely misses you.
You hit the endoplasm.
You kill the endoplasm!
The rat barely misses you. The bat hits you.
You completely miss the bat. The bat barely misses you. The rat bites you.
The quokka bites you but does no damage.
You are too injured to fight recklessly!
You are too injured to fight recklessly!
You are too injured to fight recklessly!
You hit the rat but do no damage. The bat hits you but does no damage.
The rat barely misses you. The quokka bites you.
You hit the rat.
The rat is heavily wounded.
The bat hits you. The quokka closely misses you. The rat bites you.
You closely miss the rat.
The rat is heavily wounded.
The bat barely misses you. The bat closely misses you.
The quokka completely misses you.
The rat twitches its whiskers.
The rat closely misses you. The quokka bites you.
* * * LOW HITPOINT WARNING * * *
You hit the bat.
You kill the bat!
The rat closely misses you. The quokka bites you.
* * * LOW HITPOINT WARNING * * *
You hit the quokka.
The quokka is severely wounded.
The rat bites you.
* * * LOW HITPOINT WARNING * * *
The quokka misses you.
You closely miss the quokka.
The quokka is severely wounded.
The rat bites you.
* * * LOW HITPOINT WARNING * * *
The quokka misses you. The rat bites you but does no damage.
The quokka bites you.
You die...

..###....# ##.##
#.#.#.#.#### .........#
#..# #.#.#.#.#...
..(......# ##.##
#.#.#.#.#.## .........#
#..# #.#.#.#.#.#<
.......### ##.#
#.#.#.#.#... ..†....#
#.# #.#.#.#.#.##
.......# #.#
#.#.#.#.#... ...)...#
#######'## #.#.#.#.####
.......# #.....@..#
#.#.#.#..... ########
#.....rr.# #.#.#.######
#........# #.#.#.......
#.....(.((##.#.########
#########.##.#.........
.##.##########
..#.....r.....
.#...##..###.
......#... ..


You could see a quokka and a rat.

Vanquished Creatures
  6 bats (D:1)
  3 endoplasms (D:1)
  A goblin (D:1)
  4 hobgoblins (D:1)
  2 jackals (D:1)
  5 kobolds (D:1)
  A ball python (D:1)
  3 frilled lizards (D:1)
  5 rats (D:1)
30 creatures vanquished.

Notes
Turn   | Place    | Note
-------+----------+-------------------------------------------
     0 | D:1      | Goodini51 the Human Wanderer began the quest for the Orb.
     0 | D:1      | Goodini51 set off with the following items: a +1 shortbow,
                  | 25 arrows, a +0 robe; and the following spell memorised:
                  | Pain; and the following spells available to memorise:
                  | Animate Dead, Anguish
     0 | D:1      | Reached XP level 1. HP: 18/18 MP: 2/2
   185 | D:1      | Reached XP level 2. HP: 19/24 MP: 3/3
   536 | D:1      | Reached XP level 3. HP: 29/29 MP: 4/4
   656 | D:1      | Slain by a quokka

Illustrated notes

Levels and vault maps discovered:
D:1:      zelgadis_glass_arrival_large, layout_basic

Skill      XL: |  1  2  3 |
---------------+----------+-----
Bows           | 2 |  2.2
Fighting       | |  3.4
Dodging        | |  2.0
Spellcasting   | |  1.0
Necromancy     | |  3.1

Action                   || total
-------------------------++-------
Melee: Whip              ||     8
 Fire: Shortbow          ||    75
Armor: Robe              ||    14
Dodge: Dodged            ||    37
